 Dungeon Crawl Stone Soup version 0.17-a0-1115-g0372368 (webtiles) character file.

399 futacatgirl the Sneak (level 6, -2/52 HPs)
             Began as a Naga Wizard on May 23, 2015.
             Was a Follower of Cheibriados.
             Slain by a gnoll
             ... wielding a +0 spear
              (8 damage)
             ... on level 4 of the Dungeon.
             The game lasted 00:30:05 (6570 turns).

futacatgirl the Sneak (Naga Wizard)                 Turns: 6570, Time: 00:30:05

Health: -2/52      AC:  3    Str: 11    XL:     6   Next: 84%
Magic:  8/10       EV: 10    Int: 23    God:    Cheibriados [*.....]
Gold:   160        SH:  0    Dex: 11    Spells: 5 memorised, 1 level left

rFire  . . .     SeeInvis +     m - +1 trident (venom)
rCold  . . .     Clarity  .     a - +0 robe
rNeg   . . .     SustAt   .     (no shield)
rPois  +         Gourm    .     b - +0 hat
rElec  .         Spirit   .     (no cloak)
rCorr  .         Warding  .     (no gloves)
rMut   .         Stasis   .     (no barding)
MR     .....                    (no amulet)
Stlth  +++.......               (no ring)
                                (no ring)

@: short of breath, very slow, not resistant to hostile enchantments, fairly
stealthy
A: see invisible, deformed body, poison resistance, slowness 2, slow metabolism
1, spit poison 2, AC +2
a: Spit Poison, Bend Time, Renounce Religion


You were on level 4 of the Dungeon.
You worshipped Cheibriados.
Cheibriados was aware of your devotion.
You were hungry.

You visited 1 branch of the dungeon, and saw 4 of its levels.

You collected 160 gold pieces.

Inventory:

Hand weapons
 i - a +0 dagger
   (You took it off a kobold on level 2 of the Dungeon)
 m - a +1 trident of venom (weapon)
   (You took it off an orc on level 4 of the Dungeon)
Armour
 a - a +0 robe (worn)
 b - a +0 hat (worn)
 h - a +0 shield
   (You found it on level 1 of the Dungeon)
Scrolls
 e - a scroll of teleportation
 f - 2 scrolls of recharging
 g - a scroll of magic mapping {unknown}
 o - 2 scrolls of remove curse
Potions
 l - a potion of might {unknown}
 n - 2 potions of curing {unknown}
 q - a potion of flight
 s - 2 potions of brilliance {unknown}
Books
 c - a book of Minor Magic
Comestibles
 d - 5 bread rations {@e1}
 j - 3 meat rations {@e2}


   Skills:
 + Level 2.2 Fighting
 + Level 2.8 Dodging
 * Level 6.3 Stealth
 - Level 3.0 Spellcasting
 * Level 3.3 Conjurations
 + Level 1.3 Charms
   Level 1.0 Summonings
 + Level 2.1 Translocations


You had one spell level left.
You knew the following spells:

 Your Spells              Type           Power        Failure   Level  Hunger
a - Magic Dart            Conj           ###.         2%          1    None
b - Blink                 Tloc           N/A          10%         2    ##.....
d - Repel Missiles        Chrm/Air       #.....       17%         2    ##.....
s - Slow                  Hex            #.......     21%         2    ##.....
x - Mephitic Cloud        Conj/Pois/Air  #.......     24%         3    ###....


Dungeon Overview and Level Annotations

Branches:
Dungeon (4/15)
 Temple: D:4-7

Altars:
Cheibriados
Kikubaaqudgha
Makhleb
Xom
Zin
The Shining One


Innate Abilities, Weirdness & Mutations

You cannot wear boots.
Your serpentine skin is tough (AC +2).
You have supernaturally acute eyesight.
Armour fits poorly on your strangely shaped body.
Your system is resistant to poisons.
You cover ground very slowly.
You have a slow metabolism.
You can spit poison.


Message History

The worker ant zombie bites you.
The gnoll hits you from afar with a spear.
* * * LOW HITPOINT WARNING * * *
You take 7 damage, and have 13/52 hp.
You now have 3/10 mp.
Drink which item? (? for menu, Esc to quit)
Really quaff
k - 2 potions of ambrosia {!q}?
You are confused.
You feel invigorated. The worker ant zombie bites you.
* * * LOW HITPOINT WARNING * * *
The gnoll hits you from afar with a spear.
* * * LOW HITPOINT WARNING * * *
The gnoll is engulfed in noxious fumes.
The gnoll appears confused.
You take 4 damage, and have 9/52 hp.
You regained 3 mp, and now have 6/10 mp.
The worker ant zombie bites you.
* * * LOW HITPOINT WARNING * * *
The gnoll hits you from afar with a spear.
* * * LOW HITPOINT WARNING * * *
The worker ant zombie bites you.
* * * LOW HITPOINT WARNING * * *
The gnoll looks very confused.
The gnoll closely misses you.
You take 6 damage, and have 3/52 hp.
MP restored: 10 Unknown command.
You barely miss the worker ant zombie.
The worker ant zombie barely misses you.
The gnoll hits you from afar with a spear.
* * * LOW HITPOINT WARNING * * *
The worker ant zombie bites you.
* * * LOW HITPOINT WARNING * * *
You take 1 damage, and have 2/52 hp.
You barely miss the worker ant zombie.
The gnoll hits the worker ant zombie with a halberd.
The gnoll hits you from afar with a spear.
* * * LOW HITPOINT WARNING * * *
The worker ant zombie bites you but does no damage.
You barely miss the worker ant zombie. The gnoll closely misses you.
The worker ant zombie bites you.
* * * LOW HITPOINT WARNING * * *
The gnoll barely misses you.
You regained 2 hp, and now have 5/52 hp.
You closely miss the worker ant zombie. The worker ant zombie bites you.
* * * LOW HITPOINT WARNING * * *
The gnoll misses you.
The gnoll hits itself with a halberd!
The gnoll is killed!
Cheibriados appreciates the change of pace.
You regained 4 hp, and now have 9/52 hp.
You feel less invigorated.
You feel less confused.
The worker ant zombie closely misses you.
The gnoll barely misses you.
You regained 8 hp, and now have 17/52 hp.
Okay, then.
Drink which item? (? for menu, Esc to quit)
Really quaff
k - a potion of ambrosia {!q}?
You are confused.
You feel invigorated. The worker ant zombie bites you.
The gnoll hits you but does no damage.
You regained 2 hp, and now have 19/52 hp.
The worker ant zombie closely misses you.
You regained 8 hp, and now have 27/52 hp.
You bump into the rock wall.
The gnoll closely misses you. The worker ant zombie bites you.
You take 2 damage, and have 25/52 hp.
You completely miss the worker ant zombie.
The gnoll hits you from afar with a spear.
The worker ant zombie bites you.
The gnoll hits you from afar with a spear.
You take 5 damage, and have 20/52 hp.
You hit the worker ant zombie but do no damage.
You feel less invigorated.
You feel less confused. The worker ant zombie bites you.
The gnoll hits you from afar with a spear.
The worker ant zombie waves its antennae.
The worker ant zombie bites you.
* * * LOW HITPOINT WARNING * * *
You take 9 damage, and have 11/52 hp.
You barely miss the worker ant zombie.
The gnoll hits you from afar with a spear.
* * * LOW HITPOINT WARNING * * *
The worker ant zombie bites you.
* * * LOW HITPOINT WARNING * * *
You take 3 damage, and have 8/52 hp.
The flow of time bends around you.
Cheibriados rebukes the worker ant zombie.
The worker ant zombie seems to slow down.
You feel slightly more hungry.
The gnoll hits you from afar with a spear.
* * * LOW HITPOINT WARNING * * *
The worker ant zombie barely misses you.
You take 2 damage, and have 6/52 hp.
You now have 7/10 mp.
The gnoll closely misses you. The gnoll closely misses you.
Aim: a gnoll, wielding a spear and wearing a robe The splash of poison hits the gnoll.
The gnoll appears unharmed.
You feel slightly more hungry.
The gnoll hits you from afar with a spear!
You die...

####. #..###.. #.#...
#.#..# #.... #...# #...##
#....#############
#.._.......Z@....###
#####...[)....g........###
.).......................#
####..............########
###...........##
###.........# ##.......##
##......# ###...##


You could see a gnoll and a worker ant zombie.

Vanquished Creatures
  A vampire bat (D:3)
  2 orc priests (D:3)
  Jessica (D:2)
  An orc wizard (D:3)
  4 adders
  5 gnolls
  2 oozes (D:3)
  3 worms
  5 giant geckos
  26 orcs
  3 bat skeletons (D:3)
  4 bat zombies (D:3)
  7 giant cockroaches
  14 goblins
  6 hobgoblins
  14 kobolds
  A quokka (D:3)
  A ball python (D:1)
  12 bats
  A giant gecko skeleton (D:4)
  6 giant newts
  6 jackals
  7 rats
132 creatures vanquished.

Notes
Turn   | Place    | Note
--------------------------------------------------------------
     0 | D:1      | futacatgirl the Naga Wizard began the quest for the Orb.
     0 | D:1      | Reached XP level 1. HP: 15/15 MP: 4/4
   172 | D:1      | Reached skill level 1 in Fighting
   172 | D:1      | Reached XP level 2. HP: 20/25 MP: 0/6
  1082 | D:1      | Reached skill level 4 in Stealth
  1110 | D:1      | Reached XP level 3. HP: 28/31 MP: 4/7
  1474 | D:1      | Found a glowing golden altar of the Shining One.
  1748 | D:2      | Noticed Jessica
  1761 | D:2      | Killed Jessica
  1761 | D:2      | Reached skill level 2 in Dodging
  1761 | D:2      | Reached XP level 4. HP: 13/38 MP: 1/8
  2514 | D:2      | Reached skill level 2 in Conjurations
  2731 | D:2      | Reached skill level 5 in Stealth
  2964 | D:2      | Learned a level 2 spell: Blink
  2967 | D:2      | Learned a level 2 spell: Repel Missiles
  2970 | D:2      | Learned a level 2 spell: Slow
  3079 | D:2      | Reached XP level 5. HP: 35/44 MP: 1/9
  3225 | D:2      | Found a shimmering altar of Xom.
  4074 | D:3      | Found an ancient bone altar of Kikubaaqudgha.
  4306 | D:3      | HP: 11/45 [orc/flail (11)]
  4354 | D:3      | HP: 11/45 [vampire bat (2)]
  4606 | D:3      | Learned a level 3 spell: Mephitic Cloud
  4946 | D:3      | Reached XP level 6. HP: 41/52 MP: 10/10
  5058 | D:3      | HP: 12/52 [orc priest/trident (7)]
  5069 | D:3      | Reached skill level 1 in Charms
  5406 | D:3      | Reached skill level 3 in Conjurations
  5545 | D:3      | Reached skill level 2 in Fighting
  5545 | D:3      | Reached skill level 6 in Stealth
  5781 | D:4      | Found a snail-covered altar of Cheibriados.
  5798 | D:4      | Became a worshipper of Cheibriados the Contemplative
  5807 | D:4      | Reached skill level 2 in Translocations
  5987 | D:4      | Found a glowing silver altar of Zin.
  6164 | D:4      | Acquired Cheibriados's first power
  6499 | D:4      | Found a burning altar of Makhleb.
  6553 | D:4      | HP: 13/52 [gnoll/spear (3)]
  6555 | D:4      | HP: 3/52 [worker ant zombie (4)]
  6565 | D:4      | HP: 11/52 [worker ant zombie (6)]
  6570 | D:4      | Slain by a gnoll

Vault maps used:
D:1:      lightli_arrival_maybe_door_vault, roderic_filled_cross,
          wad_floor_pattern_untrapped, tso_altar
D:2:      st_stairs_1, minmay_misc_feat_five, grunt_decor_mini_mirrors,
          minmay_misc_feat_ornament, tgw_xom, uniq_jessica
D:3:      kennysheep_vampire_church, first_bread
D:4:      lemuel_doored_altar, cheibriados_altar_1, kennysheep_mini_moat,
          bloody_makhleb

Action                   |  1- 3 |  4- 6 || total
-------------------------+-------+-------++-------
Melee: Short sword       |    55 |     5 ||    60
       Dagger            |       |   211 ||   211
       Whip              |       |     7 ||     7
       Trident           |       |    20 ||    20
 Cast: Magic Dart        |    69 |   185 ||   254
       Slow              |       |     4 ||     4
       Mephitic Cloud    |       |     3 ||     3
Invok: Bend Time         |       |     1 ||     1
 Abil: Spit Poison       |     5 |    22 ||    27
  Use: Scroll            |       |     7 ||     7
       Potion            |       |     6 ||     6
 Stab: Sleeping          |     1 |     3 ||     4
       Confused          |       |     1 ||     1
       Petrified         |       |     1 ||     1
       Paralysed         |       |     1 ||     1
  Eat: Chunk             |     2 |     9 ||    11
       Beef jerky        |       |     2 ||     2

Vault maps used:
D:1:      lightli_arrival_maybe_door_vault, roderic_filled_cross,
          wad_floor_pattern_untrapped, tso_altar
D:2:      st_stairs_1, minmay_misc_feat_five, grunt_decor_mini_mirrors,
          minmay_misc_feat_ornament, tgw_xom, uniq_jessica
D:3:      kennysheep_vampire_church, first_bread
D:4:      lemuel_doored_altar, cheibriados_altar_1, kennysheep_mini_moat,
          bloody_makhleb

Table legend:
 A = Turns spent in this place as a percentage of turns spent in the entire game.
 B = Non-inter-level travel turns spent in this place as a percentage of non-inter-level travel turns spent in the entire game.
 C = Inter-level travel turns spent in this place as a percentage of turns spent in this place.
 D = Turns resting spent in this place as a percentage of non-inter-level travel turns spent in this place.
 E = Turns spent auto-exploring this place as a percentage of non-inter-level travel turns spent in this place.
 F = Non-inter-level travel turns spent in this place divided by the number of levels of this place that you've seen.
                   A       B       C       D       E      F
               +-------+-------+-------+-------+-------+----------------------
         Total | 100.0 | 100.0 |   0.7 |   8.2 |   6.1 | 433.0
       Dungeon | 100.0 | 100.0 |   0.7 |   8.2 |   6.1 | 433.0
               +-------+-------+-------+-------+-------+----------------------

Table legend:
 A = Kills in this place as a percentage of kills in entire the game.
 B = Kills by you in this place as a percentage of kills by you in the entire game.
 C = Kills by friends in this place as a percentage of kills by friends in the entire game.
 D = Other kills in this place as a percentage of other kills in the entire game.
 E = Experience gained in this place as a percentage of experience gained in the entire game.
 F = Experience gained in this place divided by the number of levels of this place that you have seen.
                   A       B       C       D       E      F
               +-------+-------+-------+-------+-------+----------------------
         Total | 100.0 | 100.0 |  -nan | 100.0 | 100.0 | 142.8
       Dungeon | 100.0 | 100.0 |  -nan | 100.0 | 100.0 | 142.8
               +-------+-------+-------+-------+-------+----------------------
